 Dungeon Crawl Stone Soup version 0.30.1-9-gdf580d7c3d (webtiles) character file.

Game seed: 16742144209197581275

106 Nonny the Slasher (level 4, -8/28 HPs)
             Began as a Tengu Cinder Acolyte on Oct 21, 2023.
             Was a High Priest of Ignis.
             Mangled by an ogre
             ... wielding a +0 giant club
              (19 damage)
             ... on level 4 of the Dungeon.
             The game lasted 00:03:18 (1884 turns).

Nonny the Slasher (Tengu Cinder Acolyte)            Turns: 1884, Time: 00:03:18

Health: -8/28      AC:  6    Str: 15    XL:     4   Next: 84%
Magic:  2/6        EV: 11    Int: 14    God:    Ignis [*****.]
Gold:   105        SH:  0    Dex: 11    Spells: 3/5 levels left

rFire   + . .        a - -1 falchion (flame)
rCold   . . .        (no shield)
rNeg    . . .        d - +0 leather armour
rPois   .            (helmet restricted)
rElec   .            j - +2 cloak
rCorr   .            (no gloves)
SInv    .            (boots unavailable)
Will    .....        (no amulet)
Stlth   +            (no ring)
HPRegen 0.24/turn    (no ring)
MPRegen 0.10/turn

%: no passive effects
@: no status effects
A: beak, talons 3
a: Renounce Religion, Fiery Armour, Foxfire Swarm, Rising Flame


You were on level 4 of the Dungeon.
You worshipped Ignis.
Ignis was extremely pleased with you.
You visited 1 branch of the dungeon, and saw 4 of its levels.

You collected 105 gold pieces.

Inventory:

Hand Weapons
 a - a -1 falchion of flaming (weapon)
Missiles
 b - 4 poisoned darts (quivered)
Armour
 d - a +0 leather armour (worn)
 j - a +2 cloak (worn)
Wands
 n - a wand of charming (9)
Scrolls
 f - a scroll of blinking
 g - a scroll of teleportation {unknown}
 l - a scroll of noise {unknown}
Potions
 c - a potion of might
 e - a potion of mutation {unknown}
 h - 2 potions of haste
 i - a potion of curing
 k - a potion of resistance {unknown}
 m - a potion of ambrosia {unknown}


   Skills:
 - Level 3.0 Fighting
 + Level 4.9 Long Blades
 + Level 1.9 Armour
 - Level 1.0 Spellcasting
 + Level 4.1 Fire Magic


You had 3 spell levels left.
You knew the following spells:

 Your Spells              Type           Power      Damage    Failure   Level
a - Scorch                Fire           24%        2d6       9%          2

Your spell library contained the following spells:

 Spells                   Type           Power      Damage    Failure   Level


Dungeon Overview and Level Annotations

Branches:
Dungeon (4/15)
 Temple: D:4-7

Altars:
Cheibriados

Annotations:
D:3 1 runed translucent door, fitz's ghost, amateur BaHu


Innate Abilities, Weirdness & Mutations

You have a beak for a mouth.
You have claws for feet.


Message History

You open the door.
There is an open door here.
Found a stone staircase leading up.
As you open the door, it creaks loudly!
A goblin comes into view. It is wielding a +0 club.
There is an open door here.
The goblin barely misses you.
You hit the goblin but do no damage. You peck the goblin.
You kill the goblin!
An ogre comes into view. It is wielding a +0 giant club.
You already know all available spells.
Unknown command.
The ogre shouts!
Casting: Scorch (safe; 9% risk of failure)
Confirm with . or Enter, or press ? or * to list all spells.
You can't see any susceptible monsters within range! (Use Z to cast anyway.)
Casting: Scorch (safe; 9% risk of failure)
Confirm with . or Enter, or press ? or * to list all spells.
You can't see any susceptible monsters within range! (Use Z to cast anyway.)
Casting: Scorch (safe; 9% risk of failure)
Confirm with . or Enter, or press ? or * to list all spells.
You don't know that spell.
Casting: Scorch (safe; 9% risk of failure)
Confirm with . or Enter, or press ? or * to list all spells.
Flames lash the ogre.
The ogre is heavily wounded.
The ogre's fire resistance burns away.
Casting: Scorch (safe; 9% risk of failure)
Confirm with . or Enter, or press ? or * to list all spells.
Flames lash the ogre.
The ogre is burned terribly!
The ogre is severely wounded.
You closely miss the ogre. You peck the ogre.
The ogre is severely wounded.
The ogre hits you with a +0 giant club!
Ouch! That really hurt!
You hit the ogre. You burn the ogre. Your peck misses the ogre.
The ogre is almost dead.
The ogre hits you with a +0 giant club!!
Ouch! That really hurt!
You die...

#...##......##
#.....#....#.......'
#.....+....#.......#
####.....#....#.......#
#........#....'.......#
#........+....#.......#
#........#...##.....###
#...)....#...#####'####
#....O@..#....#........
#.....####'##....#......>.
#.... #<.........#........
'... #..........#.....##.
#.. #..........+.....##.
#. #.##.##...##.....##. .
## #.##...##.....##.
#.............#..
#.............'..


You could see an ogre (combustible).

Vanquished Creatures
  2 iguanas
  3 adders (D:3)
  A worm (D:2)
  3 endoplasms (D:1)
  4 goblins
  5 kobolds
  2 quokkas (D:1)
  5 ball pythons
  A frilled lizard (D:3)
  3 rats (D:1)
29 creatures vanquished.

Notes
Turn   | Place    | Note
-------+----------+-------------------------------------------
     0 | D:1      | Nonny the Tengu Cinder Acolyte began the quest for the Orb.
     0 | D:1      | Reached XP level 1. HP: 14/14 MP: 3/3
   114 | D:1      | Reached XP level 2. HP: 6/19 MP: 4/4
   173 | D:1      | Learned a level 2 spell: Scorch
   760 | D:3      | Reached XP level 3. HP: 9/23 MP: 5/5
   770 | D:3      | Reached skill level 1 in Armour
   786 | D:3      | Found a snail-covered altar of Cheibriados.
   801 | D:3      | Found a runed translucent door.
   802 | D:3      | Noticed fitz's ghost (amateur BaHu)
   916 | D:3      | Reached XP level 4. HP: 28/28 MP: 6/6
  1875 | D:4      | Noticed an ogre
  1884 | D:4      | Mangled by an ogre

Illustrated notes

Levels and vault maps discovered:
D:1:      matt_arrival_los_fun, layout_basic
D:2:      layout_loops_cross, basic_altar,
          chequers_ecumenical_altar_simple_redux, chequers_serial_rivers_marsh,
          nrook_uturn, lightli_corner_chamber, uniq_robin, uniq_terence
D:3:      layout_basic, mainiacjoe_overflow_alcove_1,
          hellmonk_ghost_happy_afterlife
D:4:      layout_gridville, mainiacjoe_overflow_boulevard, uniq_sigmund,
          uniq_edmund, uniq_menkaure

Skill      XL: |  1  2  3 |
---------------+----------+-----
Long Blades    | 4 |  4.9
Armour         | 1 |  1.9
Fire Magic     | 4 |  4.1
Fighting       | |  3.0
Spellcasting   | |  1.0

Action                     |  1- 3 |  4- 6 || total
---------------------------+-------+-------++-------
  Melee: Falchion          |    59 |    38 ||    97
         Kick              |    12 |     2 ||    14
         Peck              |     8 |     5 ||    13
   Cast: Scorch            |       |     3 ||     3
    Use: Potion            |     1 |       ||     1
         Scroll            |     2 |     1 ||     3
 Armour: Leather armour    |    13 |     8 ||    21
  Dodge: Dodged            |    21 |    24 ||    45
